 Dungeon Crawl Stone Soup version 0.26-a0-651-gb41185065b (webtiles) character file.

Game seed: 1721739886153754991

46 Lanoc the Charlatan (level 3, -3/26 HPs)
             Began as a Vampire Artificer on Oct 8, 2020.
             Killed from afar by Ijyb (6 damage)
             ... with a puff of flame
             ... on level 3 of the Dungeon.
             The game lasted 00:01:41 (653 turns).

Lanoc the Charlatan (Vampire Artificer)              Turns: 653, Time: 00:01:42

Health: -3/26      AC:  3    Str: 11    XL:     3   Next: 44%
Magic:  3/3        EV: 12    Int: 13    God:
Gold:   149        SH:  0    Dex: 15    Spells: 2/2 levels left

rFire    . . .     SeeInvis +   k - +0 quarterstaff
rCold    . . .     Faith    .   (shield currently unavailable)
rNeg     . . .     Spirit   .   b - +0 leather armour
rPois    .         Reflect  .   (no helmet)
rElec    .         Harm     .   (no cloak)
rCorr    .         Rampage  .   (no gloves)
MR       .....                  (no boots)
Stlth    ++........             (no amulet)
HPRegen  0.28/turn              (no ring)
MPRegen  0.08/turn              (no ring)

@: regenerating quickly
A: fangs 3, see invisible, unbreathing
a: Exsanguinate


You were on level 3 of the Dungeon.
You visited 1 branch of the dungeon, and saw 3 of its levels.

You collected 149 gold pieces.

Inventory:

Hand Weapons
 k - a +0 quarterstaff (weapon)
Armour
 b - a +0 leather armour (worn)
Wands
 c - a wand of flame (7)
 d - a wand of enslavement (15)
 e - a wand of random effects (7)
Scrolls
 a - a scroll of enchant armour {unknown}
 f - 2 scrolls of fear {unknown}
 g - 2 scrolls of enchant weapon {unknown}
 h - a scroll of amnesia {unknown}
 j - 2 scrolls of teleportation {unknown}
Potions
 i - a potion of degeneration {unknown}
 l - 2 potions of ambrosia {unknown}


   Skills:
 + Level 1.5 Fighting
 + Level 1.3 Armour
 + Level 2.7 Dodging
 - Level 1.5 Stealth
 * Level 3.3 Evocations


You had 2 spell levels left.
You didn't know any spells.
Your spell library was empty.

Dungeon Overview and Level Annotations

Branches:
Dungeon (3/15)

Altars:

Annotations:
D:3 Ijyb


Innate Abilities, Weirdness & Mutations

Your natural rate of healing is unusually fast.
You have razor-sharp teeth.
You have supernaturally acute eyesight. (SInv)
You can survive without breathing.


Message History

Aiming: Throw Flame
Press: ? - help, Shift-Dir - straight line, f/p - Ijyb
Aim: Ijyb, wearing a +0 leather armour of cold resistance and carrying a wand of flame (15) (moderately wounded, unusually resistant)
The puff of flame misses Ijyb.
Ijyb hits you.
Evoke which item? (* to show all) (? for menu, Esc to quit)
Aiming: Throw Flame
Press: ? - help, Shift-Dir - straight line, f/p - Ijyb
Aim: Ijyb, wearing a +0 leather armour of cold resistance and carrying a wand of flame (15) (moderately wounded, unusually resistant)
The puff of flame hits Ijyb.
Ijyb resists.
Ijyb is heavily wounded.
Ijyb zaps a wand.
The puff of flame hits you.
* * * LOW HITPOINT WARNING * * *
Evoke which item? (* to show all) (? for menu, Esc to quit)
Aiming: Throw Flame
Press: ? - help, Shift-Dir - straight line, f/p - Ijyb
Aim: Ijyb, wearing a +0 leather armour of cold resistance and carrying a wand of flame (14) (heavily wounded, unusually resistant)
The puff of flame hits Ijyb.
Ijyb resists.
Ijyb is heavily wounded.
Ijyb zaps a wand.
The puff of flame hits you.
You die...

#.. #..# ##
..# .# ..#
.# #.# .#
#.# .#
#.#####.#
#.....@.#
##.#####g#
#..# .#
#..# .#
#..# .#
########..#
.#
..........#
##
########..#
#..#


You could see Ijyb (resistant).

Vanquished Creatures
  Jessica (D:3)
  A worm (D:2)
  A dart slug (D:3)
  3 orcs (D:3)
  A goblin (D:2)
  2 hobgoblins (D:1)
  2 bats (D:3)
  A frilled lizard (D:1)
  A kobold (D:2)
13 creatures vanquished.

Notes
Turn   | Place    | Note
-------+----------+-------------------------------------------
     0 | D:1      | Lanoc the Vampire Artificer began the quest for the Orb.
     0 | D:1      | Reached XP level 1. HP: 14/14 MP: 1/1
   120 | D:1      | Reached skill level 1 in Fighting
   195 | D:2      | Reached skill level 1 in Armour
   195 | D:2      | Reached XP level 2. HP: 21/21 MP: 2/2
   232 | D:3      | Noticed Jessica
   263 | D:3      | Reached skill level 3 in Evocations
   414 | D:3      | Killed Jessica
   414 | D:3      | Reached XP level 3. HP: 19/26 MP: 3/3
   640 | D:3      | Noticed Ijyb
   653 | D:3      | Killed from afar by Ijyb

Illustrated notes

Levels and vault maps discovered:
D:1:      dpeg_arrival_renting, layout_rooms, minmay_octomino_j4
D:2:      cheibrodos_greedy_goblins, layout_rooms
D:3:      layout_loops_ring, eino_tiny_chamber, roderic_lattice_a, uniq_jessica,
          uniq_ijyb

Skill      XL: |  1  2 |
---------------+-------+-----
Fighting       | 1 |  1.5
Armour         | 1 |  1.3
Evocations     | 3 |  3.3
Dodging        | |  2.7
Stealth        | |  1.5

Action                   || total
-------------------------++-------
Melee: Club              ||    24
       Bite              ||     3
       Quarterstaff      ||    27
Evoke: Wand              ||    16
 Stab: Sleeping          ||     2
Armor: Leather armour    ||    11
Dodge: Dodged            ||    22

Table legend: (Time is in decaauts)
 A = Elapsed time spent in this place.
 B = Non-inter-level travel time spent in this place.
 C = Inter-level travel time spent in this place.
 D = Time resting spent in this place.
 E = Time spent auto-exploring this place.
 F = Levels seen in this place.
 G = Mean time per level.
                   A        B        C        D        E       F      G
               +--------+--------+--------+--------+--------+-----+--------+
         Total |    667 |    655 |     12 |      0 |    491 |   3 |  222.3 |
       Dungeon |    667 |    655 |     12 |      0 |    491 |   3 |  222.3 |
               +--------+--------+--------+--------+--------+-----+--------+

Top non-repeatable levels by time:
     D:3: 437 daAuts
     D:1: 134 daAuts
     D:2: 95 daAuts
